 Dungeon Crawl Stone Soup version 0.31-a0-355-g57cb03d3e8 (webtiles) character file.

Game seed: 1423259448666832338

19483 Midn8 the Martial Artist (level 12, -2/127 HPs)
             Began as a Red Draconian Brigand on July 24, 2023.
             Was a High Priest of Okawaru.
             Slain by a bog body (14 damage)
             ... on level 2 of the Lair of Beasts.
             The game lasted 00:34:14 (13195 turns).

Midn8 the Martial Artist (Red Draconian Brigand)   Turns: 13195, Time: 00:34:14

Health: -2/127     AC:  9    Str: 26    XL:     12   Next: 36%
Magic:  0/19       EV: 15    Int: 12    God:    Okawaru [*****.]
Gold:   548        SH:  0    Dex: 16    Spells: 11/11 levels left

rFire   + .          .
                       - Unarmed
rCold   . . .        (shield currently unavailable)
rNeg    . . .        (body armour unavailable)
rPois   .            (helmet currently unavailable)
rElec   .            b - melded +0 cloak
rCorr   .            (gloves currently unavailable)
SInv    .            (boots currently unavailable)
Will    .....        y - amulet of guardian spirit
Stlth   ++++         O - ring of protection from fire
HPRegen 0.41/turn    z - +6 ring of strength
MPRegen 0.16/turn

%: guardian spirit
@: snake-form, heroic, slowed, very slow
A: constrict, boosted hp, (breathe fire), AC +8, large, unfitting armour, (fire
resistance 1), (cold-blooded), high MP 1
a: Begin Untransformation, Renounce Religion, Heroism, Finesse, Duel


You were on level 2 of the Lair of Beasts.
You worshipped Okawaru.
Okawaru was extremely pleased with you.
You were an enormous anaconda.
You visited 2 branches of the dungeon, and saw 12 of its levels.
You also visited: Ossuary.

You collected 685 gold pieces.
You spent 137 gold pieces at shops.

Inventory:

Hand Weapons
 a - a +3 dagger
Missiles
 c - 35 poisoned darts (quivered)
 d - 2 curare-tipped darts
 e - 4 silver javelins
 j - 2 throwing nets
 s - 9 javelins
 t - 6 boomerangs
 G - 5 atropa-tipped darts
Armour
 b - a +0 cloak (melded)
 H - a +0 hat
Jewellery
 i - a ring of positive energy
 y - an amulet of guardian spirit (around neck)
 z - a +6 ring of strength (right hand)
 B - a ring of magical power
 F - a ring of flight
 M - a +6 ring of intelligence
 O - a ring of protection from fire (left hand)
Talismans
 v - a serpent talisman
Wands
 n - a wand of flame (52)
 w - a wand of digging (12)
 J - a wand of light (6)
 K - a wand of polymorph (10)
Scrolls
 g - a scroll of blinking {unknown}
 k - a scroll of vulnerability
 m - 5 scrolls of enchant weapon
 p - 2 scrolls of revelation
 u - a scroll of fear {unknown}
 x - a scroll of torment
 A - 3 scrolls of fog
 C - 3 scrolls of teleportation
 E - 2 scrolls of poison
 I - 2 scrolls of amnesia {unknown}
 P - a scroll of identify
Potions
 f - 2 potions of mutation
 h - 2 potions of berserk rage
 l - a potion of magic
 o - 3 potions of cancellation
 q - 7 potions of heal wounds
 r - 2 potions of enlightenment
 D - a potion of lignification
 L - 3 potions of brilliance
 N - 2 potions of curing


   Skills:
 - Level 10.0(15.0) Fighting
 - Level 2.0(7.0) Short Blades
 - Level 1.7(6.7) Throwing
 - Level 5.0(10.0) Dodging
 - Level 3.6(8.6) Stealth
 - Level 12.0(17.0) Unarmed Combat
 - Level 8.0 Invocations
 + Level 3.5 Evocations
 - Level 9.0 Shapeshifting


You had 11 spell levels left.
You didn't know any spells.
Your spell library contained the following spells:

 Spells                   Type           Power      Damage    Failure   Level
 Magic Dart               Conj           0%         1d3       32%         1
 Sting                    Tmut/Pois      0%         1d3       32%         1
 Blink                    Tloc           0%         N/A       45%         2
 Lesser Beckoning         Tloc           0%         N/A       45%         2
 Momentum Strike          Conj/Tloc      0%         3d8       45%         2
 Poisonous Vapours        Pois/Air       0%         N/A       45%         2
 Searing Ray              Conj           0%         2d4       45%         2
 Ozocubu's Armour         Ice            0%         N/A       69%         3
 Fulminant Prism          Conj/Hex       0%         3d5       97%         4
 Leda's Liquefaction      Hex/Erth       0%         N/A       97%         4
 Manifold Assault         Tloc           0%         N/A       97%         4
 Olgreb's Toxic Radiance  Pois           0%         N/A       97%         4
 Lee's Rapid Deconstruct  Erth           0%         3d4*      100%        5
 Metabolic Englaciation   Hex/Ice        0%         N/A       100%        5
 Leda's Unmaking          Conj/Erth      0%         9d1       100%        6
 Simulacrum               Ice/Necr       Unusable   N/A       N/A         6

Dungeon Overview and Level Annotations

Branches:
Dungeon (10/15)            Temple (0/1) D:6            Lair (2/5) D:10
  Snake (0/4) Lair:2      Ossuary (visited)
  Swamp: Lair:2-3    Shoals: Lair:2-3       Orc: D:9-12

Altars:
Nemelex Xobeh
Okawaru
Qazlal
Ru
Wu Jian
Xom

Shops:
D:2 ((?   D:5 ((   D:8 ?

Annotations:
D:2 Sigmund
D:9 3 runed translucent doors, snackwell's ghost, journeyman OgSh


Innate Abilities, Weirdness & Mutations

You are an enormous anaconda.
You have a powerful constriction melee attack.
Your maximum health is increased.
Your armour is entirely melded.
You are incapable of wielding weapons or throwing items.
((You can breathe blasts of fire.))
((Your fiery red scales are hard. (AC +8)))
You cannot fit into any form of body armour.
((Your flesh is heat resistant. (rF+)))
((You are cold-blooded and may be slowed by cold attacks.))
You have an increased reservoir of magic. (+10% MP)


Message History

Unknown command.
You release your grip on the blink frog.
The blink frog completely misses you. x2
The bog body casts a spell at you. You resist with significant effort.
The blink frog completely misses you.
Unknown command.
Okay, then.
You gain the combat prowess of a mighty hero.
The blink frog hits you but does no damage.
The blink frog hits you.
The blink frog blinks!
You closely miss the bog body. Your grab misses the bog body.
The bog body closely misses you.
The blink frog blinks!
The blink frog hits you but does no damage.
The bog body barely misses you.
You lash the bog body! Your grab misses the bog body.
The bog body is moderately damaged.
The blink frog closely misses you. The blink frog barely misses you.
The bog body gestures at you while chanting.
You resist with significant effort.
You completely miss the bog body. You grab the bog body.
The bog body is lightly damaged.
You constrict the bog body.
The blink frog blinks!
The bog body touches you!
* * * LOW HITPOINT WARNING * * *
The bog body freezes you!!
You feel as though you will be slow longer.
* * * LOW HITPOINT WARNING * * *
The blink frog blinks!
You feel much better.
You constrict the bog body. The blink frog barely misses you.
The bog body touches you! The bog body freezes you!!
* * * LOW HITPOINT WARNING * * *
The blink frog closely misses you.
Unknown command.
You feel much better.
You constrict the bog body! The blink frog completely misses you.
The bog body touches you!
* * * LOW HITPOINT WARNING * * *
The bog body freezes you!
* * * LOW HITPOINT WARNING * * *
The bog body touches you!
You die...

.~♣ P## .≈♣ ...##
.≈♣ ### .... ♣ .~
♣####.## #..P
~♣.♣♣♣....^.###...
♣♣..≈♣........##..#
♣≈n♣~♣.......P.#...
♣≈S.~♣.............
♣~F.~♣..###.P..#...
. ♣♣FF♣♣.##
##.#####. ...
♣..♣...# ### #.
.....♣..♣..## ##.
......⌠⌠..## #..
.........P# #..
.........P# #..
[........## ###.


You could see a bog body and 3 blink frogs.

Vanquished Creatures
  Gastronok (D:10)
  2 two-headed ogres
  A boulder beetle (Lair:1)
  Urug (Lair:1)
  A spriggan (Lair:1)
  Amaemon (Lair:1)
  A bog body (Lair:2)
  A black mamba (Lair:2)
  A cane toad (Lair:1)
  Maggie (D:6)
  Psyche (D:8)
  A rime drake (Lair:2)
  An orange demon (Lair:1)
  A komodo dragon (Lair:1)
  A hornet (Lair:1)
  A troll (D:9)
  A blink frog (Lair:2)
  A wraith (D:10)
  8 wyverns
  30 yaks
  A basilisk (Lair:1)
  2 steam dragons
  2 vampire mosquitoes (D:10)
  Menkaure (D:6)
  A swamp worm (Lair:2)
  Edmund (D:6)
  An acid dragon (D:10)
  6 water moccasins
  4 orc warriors
  An ice beast (D:8)
  3 ogres
  A black bear (D:5)
  11 wolves (Lair:1)
  6 centaurs
  2 phantoms (D:6)
  2 kobold brigands (D:9)
  10 bullfrogs
  An elf zombie (Ossuary)
  2 scorpions
  5 wights (D:8)
  3 killer bees
  4 jellies (D:6)
  A human zombie (Ossuary)
  3 hounds
  5 orc priests
  Jessica (D:2)
  5 iguanas
  3 sleepcaps
  Natasha (thrice) (D:2)
  7 orc wizards
  A hound zombie (Ossuary)
  4 mummies (Ossuary)
  3 adders
  2 shadow imps
  3 white imps
  4 adder zombies (Ossuary)
  3 dart slugs
  31 orcs
  3 ball pythons
  5 endoplasms
  3 giant cockroaches
  6 goblins
  6 hobgoblins
  12 jackals
  16 kobolds
  6 quokkas
  8 bats
  3 frilled lizards
  A goblin zombie (Ossuary)
  A hobgoblin zombie (Ossuary)
  A jackal zombie (Ossuary)
  2 kobold zombies (Ossuary)
  6 rats
285 creatures vanquished.

Vanquished Creatures (others)
  An orc wizard (D:9)
1 creature vanquished.

Grand Total: 286 creatures vanquished

Notes
Turn   | Place    | Note
-------+----------+-------------------------------------------
     0 | D:1      | Midn8 the Draconian Brigand began the quest for the Orb.
     0 | D:1      | Reached XP level 1. HP: 17/17 MP: 1/1
    82 | D:1      | Reached skill level 1 in Unarmed Combat
   221 | D:1      | Reached XP level 2. HP: 24/24 MP: 2/2
   296 | D:1      | Reached skill level 2 in Unarmed Combat
   759 | D:2      | Found Kanuh's Magic Scroll Shop.
   767 | D:2      | Bought a scroll of teleportation for 39 gold pieces
   833 | D:2      | Reached XP level 3. HP: 29/29 MP: 3/3
   833 | D:2      | Found Ruomuh's Weapon Shoppe.
   841 | D:2      | Noticed Sigmund
   864 | D:2      | Found Qontaff's Antique Weapon Boutique.
   904 | D:2      | Noticed Natasha
   917 | D:2      | Killed Natasha
   918 | D:2      | Reached skill level 3 in Unarmed Combat
   998 | D:2      | Noticed Natasha
  1010 | D:2      | Killed Natasha
  1011 | D:2      | Reached skill level 4 in Unarmed Combat
  1011 | D:2      | Reached XP level 4. HP: 22/36 MP: 4/4
  1075 | D:2      | Noticed Natasha
  1084 | D:2      | Killed Natasha
  1264 | D:2      | Noticed Jessica
  1273 | D:2      | Killed Jessica
  1274 | D:2      | Reached XP level 5. HP: 41/41 MP: 5/5
  1537 | D:2      | Found Zaosk's Antique Weapon Shoppe.
  1899 | D:3      | Reached skill level 5 in Unarmed Combat
  2681 | D:4      | Reached skill level 6 in Unarmed Combat
  2681 | D:4      | Reached XP level 6. HP: 46/48 MP: 6/6
  3187 | D:4      | You fall into a shaft and drop 1 floor!
  3187 | D:5      | Entered Level 5 of the Dungeon
  3220 | D:5      | Reached skill level 7 in Unarmed Combat
  3233 | D:5      | Found Eggidyg's Weapon Shop.
  3242 | D:5      | Your scales start taking on a fiery red colour.
  3242 | D:5      | Reached XP level 7. HP: 16/58 MP: 7/7
  3242 | D:5      | Gained mutation: Your flesh is heat resistant. (rF+) [Red
                  | Draconian growth]
  3483 | D:4      | Reached skill level 1 in Dodging
  4139 | D:5      | Found an iron altar of Okawaru.
  4146 | D:5      | Found a shimmering altar of Xom.
  4155 | D:5      | Became a worshipper of Warmaster Okawaru
  4305 | D:5      | Reached skill level 5 in Fighting
  4362 | D:5      | Found Wipal's Antique Weapon Emporium.
  4482 | D:5      | Reached XP level 8. HP: 56/70 MP: 8/8
  4834 | D:6      | Reached skill level 1 in Invocations
  5067 | D:6      | Found a staircase to the Ecumenical Temple.
  5167 | D:6      | Reached * piety under Okawaru
  5240 | D:6      | Noticed Edmund
  5247 | D:6      | Killed Edmund
  5489 | D:6      | Noticed Menkaure
  5493 | D:6      | Killed Menkaure
  5550 | D:6      | Noticed Maggie
  5556 | D:6      | Killed Maggie
  5557 | D:6      | Reached skill level 5 in Shapeshifting
  5557 | D:6      | Reached XP level 9. HP: 62/75 MP: 9/12
  6088 | D:7      | Reached ** piety under Okawaru
  6362 | D:7      | Found a sand-covered staircase.
  6371 | Ossuary  | Entered an ossuary
  6603 | D:7      | Gained mutation: You have an increased reservoir of magic.
                  | (+10% MP) [potion of mutation]
  6603 | D:7      | Gained mutation: You passively map a small area around you.
                  | [potion of mutation]
  6603 | D:7      | Lost mutation: You passively map a small area around you.
                  | [potion of mutation]
  7228 | D:8      | Reached *** piety under Okawaru
  7408 | D:8      | Found Naetyxt's Magic Scroll Shoppe.
  7417 | D:8      | Bought a scroll of poison for 56 gold pieces
  7417 | D:8      | Bought a scroll of teleportation for 42 gold pieces
  7649 | D:8      | Reached XP level 10. HP: 82/83 MP: 12/14
  7830 | D:8      | Noticed Psyche
  7840 | D:8      | Killed Psyche
  8358 | D:9      | Reached skill level 8 in Unarmed Combat
  8528 | D:9      | Reached **** piety under Okawaru
  8557 | D:9      | Reached skill level 9 in Unarmed Combat
  8977 | D:9      | Reached skill level 10 in Unarmed Combat
  9062 | D:9      | Found a runed translucent door.
  9076 | D:9      | Found a runed translucent door.
  9077 | D:9      | Found a shimmering altar of Xom.
  9077 | D:9      | Noticed snackwell's ghost (journeyman OgSh)
  9078 | D:9      | Noticed a +0 mace of chaos
  9144 | D:9      | Found a sparkling altar of Nemelex Xobeh.
  9145 | D:9      | Found a sacrificial altar of Ru.
  9145 | D:9      | Found an ornate altar of the Wu Jian Council.
  9149 | D:9      | Found a stormy altar of Qazlal.
  9170 | D:9      | Found a runed translucent door.
  9238 | D:9      | Noticed a two-headed ogre
  9245 | D:9      | Killed a two-headed ogre
  9376 | D:9      | Noticed a two-headed ogre
  9401 | D:10     | Entered Level 10 of the Dungeon
  9409 | D:10     | Reached ***** piety under Okawaru
  9521 | D:9      | Received a gift from Okawaru
  9820 | D:10     | Reached XP level 11. HP: 94/94 MP: 15/15
 10026 | D:10     | Reached skill level 5 in Dodging
 10176 | D:10     | Reached skill level 5 in Invocations
 10256 | D:10     | Found a staircase to the Lair.
 10257 | D:10     | Noticed Gastronok
 10322 | D:10     | Noticed a two-headed ogre
 10446 | D:10     | Killed a two-headed ogre
 10618 | D:10     | Killed Gastronok
 10618 | D:10     | Received a gift from Okawaru
 10618 | D:10     | Identified the +1 triple sword of the Hidden Vale {freeze,
                  | rF+} (Okawaru gifted it to you on level 10 of the Dungeon)
 10618 | D:10     | Received a gift from Okawaru
 11224 | Lair:1   | Entered Level 1 of the Lair of Beasts
 11360 | Lair:1   | Reached skill level 11 in Unarmed Combat
 11410 | Lair:1   | Noticed a spriggan rider
 11830 | Lair:1   | Killed a spriggan rider
 11830 | Lair:1   | Identified the +0 cloak "Zokku" {+Inv rC- Str+8 Slay-3}
                  | (Okawaru gifted it to you on level 1 of the Lair of Beasts)
 11830 | Lair:1   | Received a gift from Okawaru
 11836 | Lair:1   | Reached XP level 12. HP: 55/101 MP: 8/19
 11840 | Lair:1   | Reached skill level 12 in Unarmed Combat
 12133 | Lair:1   | Noticed Urug
 12141 | Lair:1   | Killed Urug
 12516 | Lair:1   | Noticed a boulder beetle
 12528 | Lair:1   | Killed a boulder beetle
 12663 | Lair:1   | Noticed Amaemon
 12688 | Lair:1   | Killed Amaemon
 12992 | Lair:2   | Reached skill level 10 in Fighting
 12992 | Lair:2   | Reached skill level 1 in Evocations
 13150 | Lair:2   | Found a staircase to the Snake Pit.
 13195 | Lair:2   | Slain by a bog body

Illustrated notes

Levels and vault maps discovered:
D:1:      dpeg_arrival_erosion, layout_basic, st_stairs_2, roderic_lattice_a
D:2:      layout_basic, serial_shops, nicolae_shop_trees, shop, shop,
          nicolae_square_shop, uniq_jessica, uniq_sigmund, uniq_natasha
D:3:      layout_basic
D:4:      layout_gridville
D:5:      layout_basic, grunt_temple_overflow_open, serial_shops, shop,
          nicolae_shop_bloodbath_and_beyond, kennysheep_generic_room_11
D:6:      minmay_diamond_boxcup, layout_gridville, minmay_temple_entry_ruins,
          uniq_edmund, uniq_maggie, uniq_menkaure
D:7:      layout_loops_corners, chequers_ossuary_entry_cave
D:8:      layout_loops_ring, serial_shops, shop, serial_bayou_pond_c,
          uniq_psyche
D:9:      cheibrodos_histonic, layout_cave_pools,
          chequers_temple_overflow_statue_of_worship, ebering_ghost_xom,
          kennysheep_generic_room_12
D:10:     layout_loops_cross, minmay_lair_entry_grove, uniq_gastronok
Lair:1:   layout_chaotic_city, grunt_forest_large_clearings, grunt_megastairs_1,
          serial_bayou_shore_b, uniq_amaemon, uniq_urug
Lair:2:   layout_long_grid, nicolae_swamp_entry_splash_gauntlet,
          minmay_snake_entry_six_corridors

Skill      XL: |  1  2  3  4  5  6  7  8  9 10 11 12 |
---------------+-------------------------------------+-----
Unarmed Combat | 1 2 4 6 7 10 11 12 | 12.0
Fighting       | 3 6 8 10 | 10.0
Dodging        | 2 3 5 |  5.0
Invocations    | 4 8 |  8.0
Shapeshifting  | 5 8 9 |  9.0
Evocations     | 3 |  3.5
Short Blades   | |  2.0
Throwing       | |  1.7
Stealth        | |  3.6

Action                     |  1- 3 |  4- 6 |  7- 9 | 10-12 || total
---------------------------+-------+-------+-------+-------++-------
  Melee: Dagger            |   107 |    82 |       |       ||   189
         Tailslap          |     8 |    17 |    27 |       ||    52
         Punch             |     2 |     9 |     7 |       ||    18
         Unarmed           |       |    67 |   287 |   366 ||   720
         Constrict         |       |       |    27 |    92 ||   119
  Throw: Dart              |     7 |    20 |     6 |       ||    33
 Invoke: Heroism           |       |       |     1 |    10 ||    11
Ability: Breathe Fire      |       |       |    12 |       ||    12
  Evoke: Wand              |       |       |       |     3 ||     3
    Use: Scroll            |       |     3 |    10 |     5 ||    18
         Potion            |       |       |     1 |     3 ||     4
   Stab: Sleeping          |     5 |     3 |    11 |     3 ||    22
         Distracted        |       |       |     2 |     1 ||     3
 Armour: Skin              |    34 |    42 |   119 |   113 ||   308
  Dodge: Dodged            |    59 |    62 |   177 |   189 ||   487
   Form: Anaconda          |       |       |     2 |       ||     2
                           |       |       |     1 |       ||     1

Table legend: (Time is in decaauts)
 A = Elapsed time spent in this place.
 B = Non-inter-level travel time spent in this place.
 C = Inter-level travel time spent in this place.
 D = Time resting spent in this place.
 E = Time spent auto-exploring this place.
 F = Levels seen in this place.
 G = Mean time per level.
                   A        B        C        D        E       F      G
               +--------+--------+--------+--------+--------+-----+--------+
         Total |  13073 |  12749 |    324 |   4171 |   6203 |  13 | 1005.6 |
       Dungeon |  10908 |  10617 |    291 |   3102 |   5575 |  10 | 1090.8 |
          Lair |   1939 |   1906 |     33 |   1014 |    553 |   2 |  969.5 |
       Ossuary |    224 |    224 |      0 |     55 |     75 |   1 |  224.0 |
               +--------+--------+--------+--------+--------+-----+--------+

Top non-repeatable levels by time:
  Lair:1: 1721 daAuts
     D:9: 1413 daAuts
     D:8: 1318 daAuts
     D:4: 1276 daAuts
    D:10: 1255 daAuts
     D:7: 1100 daAuts
     D:6: 1034 daAuts
     D:5: 1009 daAuts
     D:2: 972 daAuts
     D:3: 824 daAuts
     D:1: 705 daAuts
 Ossuary: 224 daAuts
  Lair:2: 217 daAuts
